 Dungeon Crawl Stone Soup version 0.26-a0-70-g31f1466007 (webtiles) character file.

Game seed: 14673196338943317952

591 Arctilankyr the Cudgeler (level 7, 0/93 HPs)
             Began as a Pale Draconian Berserker on June 13, 2020.
             Was an Elder of Trog.
             Killed by divine providence
             ... invoked by an orc priest
              (11 damage)
             ... on level 4 of the Dungeon on June 14, 2020.
             The game lasted 00:16:36 (2261 turns).

Arctilankyr the Cudgeler (Pale Draconian Berserker) Turns: 2261, Time: 00:16:38

Health: 0/93       AC: 15    Str: 20    XL:     7   Next: 16%
Magic:  7/7        EV: 13    Int:  8    God:    Trog [****..]
Gold:   107        SH:  0    Dex: 11    Spells: 6/6 levels left

rFire    . . .     SeeInvis .   j - +2 mace (protect)
rCold    . . .     Gourm    .   (no shield)
rNeg     . . .     Faith    .   (armour unavailable)
rPois    .         Spirit   .   (helmet restricted)
rElec    .         Reflect  .   (no cloak)
rCorr    .         Harm     .   f - +1 pair of gloves
MR       .....                  (no boots)
Stlth    ..........             (no amulet)
HPRegen  0.25/turn              (no ring)
MPRegen  0.10/turn              (no ring)

@: berserking, protection aura, very quick
A: breathe steam, unfitting armour, cold-blooded, AC +6
a: Breathe Steam, Berserk, Trog's Hand, Brothers in Arms, Renounce Religion


You were on level 4 of the Dungeon.
You worshipped Trog.
Trog was greatly pleased with you.
You were hungry.

You visited 1 branch of the dungeon, and saw 4 of its levels.
You also visited: Sewer.

You collected 107 gold pieces.

Inventory:

Hand Weapons
 a - a +0 mace
 c - a +0 hunting sling
 g - a +0 whip
 j - a +2 mace of protection (weapon)
 m - a +0 rapier
Missiles
 e - 57 arrows
Armour
 f - a +1 pair of gloves (worn)
 o - a +0 scale mail
 q - a +0 plate armour
Scrolls
 i - 2 scrolls of enchant armour
 t - 3 scrolls of teleportation
 u - 2 scrolls of remove curse
 w - a scroll of identify
Potions
 d - a potion of brilliance
 h - 2 potions of lignification {unknown}
 k - 2 potions of curing {unknown}
 l - 2 potions of degeneration {unknown}
 n - 2 potions of stabbing {unknown}
 p - 2 potions of ambrosia {unknown}
 r - 2 potions of flight {unknown}
 s - 2 potions of haste {unknown}
 v - 2 potions of magic {unknown}
 x - 3 potions of might {unknown}
Comestibles
 b - 8 rations


   Skills:
 * Level 5.7 Fighting
 + Level 6.1 Maces & Flails
 + Level 4.1 Dodging


You had 6 spell levels left.
You didn't know any spells.
Your spell library was empty.

Dungeon Overview and Level Annotations

Branches:
Dungeon (4/15)              Sewer (visited)
 Temple: D:4-7

Altars:


Innate Abilities, Weirdness & Mutations

You can breathe blasts of scalding, opaque steam.
Your pale cyan-grey scales are hard. (AC +6)
You cannot fit into any form of body armour.
You are cold-blooded and may be slowed by cold attacks.


Message History

You hit the orc priest.
The orc priest is almost dead.
The orc priest calls down the wrath of Beogh upon you.
Pain shoots through your body!
* * * LOW HITPOINT WARNING * * *
A red film seems to cover your vision as you go berserk!
You feel yourself moving faster!
You feel mighty!
You are feeling hungry.
The orc hits you but does no damage.
The orc priest mumbles some strange prayers to Beogh against you.
Pain shoots through your body!
* * * LOW HITPOINT WARNING * * *
You closely miss the orc priest.
The orc priest is almost dead.
The orc barely misses you.
The orc wizard mumbles some strange words.
The orc wizard blinks!
The orc priest invokes the aid of Beogh against you.
Beogh smites you!
You die...

.#.. .#.# .#.## .... ...#
...#####################
........................#
.................#####..o
################@###
#.... #....o.o.o.# #o...
#.......ยง..# ..$.# +##.
#..........# ... ...
#.......)..####+##o##.###
#(..................<....
#................####..##
###########..... ....
....# ..#.


You could see an orc priest, an orc wizard and an orc.

Vanquished Creatures
  A phantom (D:4)
  A big kobold (Sewer)
  A scorpion (D:3)
  3 jellies (D:3)
  11 adders
  2 river rats (D:3)
  12 oozes
  5 worms
  2 dart slugs
  2 leopard geckos
  6 orcs
  5 bats
  2 giant cockroaches (D:3)
  8 hobgoblins
  4 jackals (D:2)
  6 ball pythons
  7 frilled lizards (D:3)
  8 goblins
  22 kobolds
  12 rats
  A fungus (D:3)
  A plant (D:3)
122 creatures vanquished.

Vanquished Creatures (others)
  3 fungi (D:3)
  5 toadstools (D:3)
8 creatures vanquished.

Grand Total: 130 creatures vanquished

Notes
Turn   | Place    | Note
-------+----------+-------------------------------------------
     0 | D:1      | Arctilankyr the Draconian Berserker began the quest for the
                  | Orb.
     0 | D:1      | Reached XP level 1. HP: 19/19 MP: 1/1
   103 | D:1      | Reached XP level 2. HP: 25/26 MP: 2/2
   439 | D:2      | Reached XP level 3. HP: 27/33 MP: 3/3
   912 | D:2      | Reached ** piety under Trog
  1123 | D:3      | Reached XP level 4. HP: 40/40 MP: 4/4
  1186 | D:3      | Reached skill level 4 in Maces & Flails
  1359 | D:3      | Reached XP level 5. HP: 28/47 MP: 5/5
  1403 | D:3      | Reached *** piety under Trog
  1423 | D:3      | Found a glowing drain.
  1433 | Sewer    | Entered a sewer
  1514 | Sewer    | Reached skill level 5 in Fighting
  1514 | Sewer    | Reached skill level 5 in Maces & Flails
  1514 | Sewer    | Reached XP level 6. HP: 40/56 MP: 6/6
  1998 | D:3      | Reached **** piety under Trog
  2206 | D:4      | Reached skill level 6 in Maces & Flails
  2206 | D:4      | Your scales start taking on a pale cyan-grey colour.
  2206 | D:4      | Reached XP level 7. HP: 45/62 MP: 7/7
  2261 | D:4      | Killed from afar by an orc priest

Illustrated notes

Levels and vault maps discovered:
D:1:      heliophobic_arrival_ceremonial_halls, layout_basic
D:2:      layout_loops_ring, first_ration
D:3:      cheibrodos_fertilizer, layout_basic, portal_sewer_entry_e,
          st_stairs_14, minmay_lizard_king
D:4:      gammafunk_wand_slinger, layout_basic, minmay_temple_entry_grid,
          minmay_snake_closets

Skill      XL: |  1  2  3  4  5  6 |
---------------+-------------------+-----
Dodging        | 3 4 |  4.1
Fighting       | 4 5 |  5.7
Maces & Flails | 4 5 6 |  6.1

Action                   |  1- 3 |  4- 6 |  7- 9 || total
-------------------------+-------+-------+-------++-------
Melee: Mace              |    94 |   298 |    15 ||   407
       Tailslap          |     6 |    34 |     3 ||    43
Invok: Berserk           |       |       |     1 ||     1
  Use: Scroll            |     4 |     2 |       ||     6
  Eat: Chunk             |       |     2 |       ||     2
       Ration            |       |     1 |       ||     1
Armor: Skin              |    41 |    99 |     5 ||   145
Dodge: Dodged            |    52 |   158 |    12 ||   222

Table legend:
 A = Non-vault XP
 B = Vault XP
 C = Vault XP percentage of total XP
 D = Non-vault monster count
 E = Vault monster count
 F = Vault count percentage of total count
                 A         B        C        D         E       F
            +---------+---------+-------+---------+---------+-------
      Total |     399 |     446 |  52.8 |      65 |      55 |  45.8
            +---------+---------+-------+---------+---------+-------
        D:1 |      27 |       0 |   0.0 |      13 |       0 |   0.0
        D:2 |      49 |       0 |   0.0 |      21 |       0 |   0.0
        D:3 |     182 |     257 |  58.5 |      26 |      37 |  58.7
        D:4 |     141 |       0 |   0.0 |       5 |       0 |   0.0
      Sewer |       0 |     189 | 100.0 |       0 |      18 | 100.0
            +---------+---------+-------+---------+---------+-------
